Map: Dreamcatcher LE

Players

Harstem

  • Race: Protoss Protoss
  • League: Master
  • Spawn Location: 11:00

ShoWTimE - Winner!

  • Race: Protoss Protoss
  • Spawn Location: 5:00

Event: HomeStory Cup XVIII

VOD

Have the link to the VOD?

Description

Time

  • Played on: Nov. 22, 2018, 11:57 a.m.
  • Length: 7:31

All games in this series

Show
View Real Time Build Order
Export as new Build Order

Harstem Protoss 

Build Orders: Oracle Opening 

Get SALT Encoding   

  12  0:00  Probe  
  13  0:12  Probe  
  14  0:18  Pylon  
  14  0:24  Probe  
  15  0:33  Probe  
  15  0:39  Gateway  
  15  0:41  Probe  
  16  0:48  Assimilator  
  17  0:50  Probe  
  17  0:55  Assimilator  
  18  0:58  Probe  
  19  1:07  Probe  
  19  1:09  Gateway  
  20  1:17  Probe  
  21  1:26  Cybernetics Core  
  21  1:29  Probe  
  22  1:35  Pylon  
  22  1:41  Probe  
  23  1:53  Probe  
  24  2:02  Sentry, Stalker, Warp Gate  
  28  2:13  Pylon  
  28  2:14  Probe  
  29  2:29  Stargate  
  29  2:46  Nexus  
  29  2:48  Probe  
  30  2:58  Shield Battery  
  30  3:02  Probe  
  30  3:03  Oracle  
  31  3:14  Probe  
  35  3:26  Probe  
  36  3:32  Twilight Council  
  36  3:35  Oracle  
  37  3:46  Pylon  
  39  3:54  Pylon  
  39  3:58  Probe x2  
  39  4:01  Resonating Glaives  
  41  4:10  Probe x2  
  43  4:17  Adept  
  43  4:18  Stalker  
  43  4:22  Probe  
  43  4:24  Assimilator  
  49  4:27  Probe  
  49  4:28  Assimilator  
  49  4:34  Probe  
  50  4:41  Probe  
  50  4:45  Forge  
  51  4:47  Probe  
  51  4:49  Gateway  
  51  4:51  Gateway  
  52  4:53  Probe  
  47  5:06  Pylon  
  48  5:11  Robotics Facility  
  46  5:15  Gateway  
  46  5:16  Gateway  
  46  5:21  Adept x2  
  50  5:24  Protoss Ground Weapons Level 1  
  50  5:28  Gateway  
  49  5:29  Probe x2  
  50  5:44  Adept x3  
  50  5:48  Warp Prism  
  56  5:52  Adept  
  56  5:56  Probe  
  56  6:05  Adept x2  
  56  6:12  Stalker  
  56  6:13  Stalker  
  56  6:18  Stalker  
  60  6:25  Stalker  
  60  6:26  Stalker  
  64  6:33  Adept x2  
  66  6:43  Pylon  
  66  6:47  Pylon  
  66  6:48  Pylon  
  66  6:54  Adept x2  
  70  7:02  Stalker x3  
  66  7:12  Adept  
  66  7:13  Adept  
  62  7:16  Adept x2  
  62  7:17  Probe  
Show
View Real Time Build Order
Export as new Build Order

ShoWTimE Protoss - Winner!

Build Orders: Phoenix Opening, Mass Phoenix 

Get SALT Encoding   

  12  0:00  Probe  
  13  0:12  Probe  
  14  0:17  Pylon  
  14  0:23  Probe  
  15  0:32  Probe  
  15  0:36  Gateway  
  15  0:40  Probe  
  16  0:45  Assimilator  
  17  0:50  Probe  
  17  0:54  Assimilator  
  18  0:58  Probe  
  19  1:06  Probe  
  19  1:10  Gateway  
  20  1:17  Probe  
  20  1:24  Cybernetics Core  
  21  1:29  Probe  
  22  1:34  Pylon  
  22  1:41  Probe  
  23  1:53  Probe  
  24  2:00  Sentry, Stalker  
  24  2:01  Warp Gate  
  28  2:11  Pylon  
  28  2:29  Stalker  
  30  2:31  Stalker  
  32  2:38  Phoenix  
  32  2:49  Nexus, Probe  
  32  2:57  Probe  
  33  3:01  Shield Battery  
  34  3:06  Probe  
  34  3:14  Pylon  
  34  3:18  Probe  
  35  3:27  Shield Battery  
  35  3:30  Stargate  
  35  3:34  Stargate  
  35  3:37  Probe  
  36  3:50  Probe  
  36  3:52  Shield Battery  
  37  3:58  Probe  
  37  4:02  Probe  
  39  4:06  Phoenix, Probe  
  36  4:14  Probe  
  36  4:16  Probe  
  40  4:19  Phoenix  
  43  4:26  Probe  
  43  4:28  Probe  
  43  4:29  Phoenix  
  45  4:38  Probe  
  48  4:40  Probe  
  46  4:50  Probe  
  48  4:52  Probe  
  48  4:58  Phoenix  
  50  5:01  Probe  
  50  5:02  Probe  
  50  5:07  Robotics Facility  
  52  5:09  Probe  
  52  5:10  Probe  
  52  5:12  Phoenix  
  55  5:17  Probe  
  55  5:19  Probe  
  57  5:21  Pylon  
  58  5:28  Probe  
  58  5:31  Probe  
  58  5:33  Assimilator  
  58  5:35  Assimilator  
  60  5:36  Phoenix  
  60  5:41  Probe  
  63  5:44  Gateway  
  63  5:47  Forge  
  63  5:49  Probe  
  64  5:53  Probe  
  64  5:56  Gateway  
  65  5:57  Phoenix  
  65  5:58  Pylon  
  65  6:02  Pylon  
  67  6:11  Phoenix  
  67  6:16  Pylon  
  69  6:21  Observer  
  70  6:27  Pylon, Phoenix  
  72  6:37  Photon Cannon, Observer  
  70  6:43  Stalker  
  70  6:47  Shield Battery  
  73  6:51  Gateway x2  
  73  6:55  Phoenix  
  75  7:03  Phoenix  
  77  7:09  Zealot x3  
  81  7:18  Photon Cannon  
  81  7:22  Pylon  
  85  7:24  Pylon  
  85  7:27  Sentry  
Tags
 
Add a new tag
Caveats
  • Supply blocks, unpowered buildings, or Contaminate may cause inaccurate times.
  • Supply counts are checked every 10 seconds.